 Dungeon Crawl Stone Soup version 0.27-a0-828-g8289197e94 (webtiles) character file.

Game seed: 11255252115864662869

1 kae the Skirmisher (level 1, -1/19 HPs)
             Began as a Hill Orc Fighter on Mar 30, 2021.
             Slain by a kobold
             ... wielding a +1 whip of electrocution
              (10 damage)
             ... on level 1 of the Dungeon.
             The game lasted 00:00:06 (323 turns).

kae the Skirmisher (Hill Orc Fighter)                Turns: 323, Time: 00:00:06

Health: -1/19      AC:  6    Str: 18    XL:     1   Next: 20%
Magic:  1/1        EV:  7    Int:  8    God:
Gold:   0          SH:  9    Dex: 10    Spells: 0/0 levels left

rFire    . . .     SeeInvis .   a - +0 war axe
rCold    . . .     Faith    .   c - +0 kite shield
rNeg     . . .     Spirit   .   b - +0 scale mail
rPois    .         Reflect  .   (no helmet)
rElec    .         Harm     .   (no cloak)
rCorr    .         Rampage  .   (no gloves)
Will     .....                  (no boots)
Stlth    ..........             (no amulet)
HPRegen  0.06/turn              (no ring)
MPRegen  0.07/turn              (no ring)

@: no status effects
A: no striking features
a: no special abilities


You were on level 1 of the Dungeon.
You visited 1 branch of the dungeon, and saw 1 of its levels.

Inventory:

Hand Weapons
 a - a +0 war axe (weapon)
Armour
 b - a +0 scale mail (worn)
 c - a +0 kite shield (worn)
Scrolls
 e - a scroll of fog {unknown}
Potions
 d - a potion of might


   Skills:
 + Level 3.6 Fighting
 * Level 2.7 Axes
 + Level 3.3 Armour
 + Level 0.0 Dodging
 - Level 3.2 Shields


You couldn't memorise any spells.
You didn't know any spells.
Your spell library was empty.

Dungeon Overview and Level Annotations

Branches:
Dungeon (1/15)

Altars:


Message History

No target in view!
Found 32 stones.
No target in view!
No target in view!
e - a scroll labelled BYGRYI DYVUT No target in view!
No target in view!
A ball python comes into view.
The ball python hisses angrily.
You slash the ball python!
You kill the ball python!
No target in view!
You see here a ball python corpse.
A kobold comes into view.
It is wielding a +1 whip of electrocution.
The kobold shouts!
A kobold is nearby!
The kobold throws a stone.
The stone hits you but does no damage.
Found a white potion.
You block the kobold's attack.
A kobold is nearby!
A kobold is nearby!
You closely miss the kobold. You block the kobold's attack.
The kobold hits you but does no damage.
You closely miss the kobold.
The kobold hits you with a +1 whip of electrocution. x2
A kobold is nearby!
You hit the kobold but do no damage. You block the kobold's attack.
You closely miss the kobold.
The kobold hits you with a +1 whip of electrocution. x2
A kobold is nearby!
You are too injured to fight recklessly!
You are too injured to fight recklessly!
A kobold is nearby!
You are too injured to fight recklessly!
You are too injured to fight recklessly!
You closely miss the kobold.
The kobold hits you with a +1 whip of electrocution.
You are electrocuted!
Ouch! That really hurt!
You die...

..#.#.#########.# #
##.#.#(## #.# #.
#.#.... #.## .###.#.#.
#... ..#.#.. ###.
#.#.#.# #.# #. #.#.#.#
#.# #. #.###...K.# #.#
#. ..!....@..# #.# #.
##...#...## #.# #. ##
##.## #.# #.
#.######.# #.
#.###........########.
#......#..............
######...#############
#####


You could see a kobold.

Vanquished Creatures
  A ball python (D:1)
  A bat (D:1)
2 creatures vanquished.

Notes
Turn   | Place    | Note
-------+----------+-------------------------------------------
     0 | D:1      | kae the Hill Orc Fighter began the quest for the Orb.
     0 | D:1      | Reached XP level 1. HP: 19/19 MP: 1/1
   323 | D:1      | Slain by a kobold

Illustrated notes

Levels and vault maps discovered:
D:1:      minmay_arrival_open_corners, layout_loops_ring, minmay_misc_feat_x

Action                   || total
-------------------------++-------
Melee: War axe           ||     7
Armor: Scale mail        ||     2
Block: Kite shield       ||     4

Table legend: (Time is in decaauts)
 A = Elapsed time spent in this place.
 B = Non-inter-level travel time spent in this place.
 C = Inter-level travel time spent in this place.
 D = Time resting spent in this place.
 E = Time spent auto-exploring this place.
 F = Levels seen in this place.
 G = Mean time per level.
                   A        B        C        D        E       F      G
               +--------+--------+--------+--------+--------+-----+--------+
         Total |    326 |    326 |      0 |      0 |    307 |   1 |  326.0 |
       Dungeon |    326 |    326 |      0 |      0 |    307 |   1 |  326.0 |
               +--------+--------+--------+--------+--------+-----+--------+

Top non-repeatable levels by time:
     D:1: 326 daAuts
